Map: Acid Plant LE

Players

Aoret - Winner!

  • Race: Protoss Protoss
  • League: Diamond
  • Spawn Location: 5:00

VOD

Have the link to the VOD?

Description

Time

  • Played on: Sept. 22, 2018, 11:11 p.m.
  • Length: 7:30
Show
View Real Time Build Order
Export as new Build Order

Aoret Protoss - Winner!

Build Orders: 1 Gate Expand 

Get SALT Encoding   

  12  0:03  Probe  
  12  0:15  Probe  
  12  0:22  Pylon  
  12  0:27  Probe  
  12  0:37  Probe  
  12  0:40  Gateway  
  12  0:45  Probe  
  12  0:50  Assimilator  
  12  0:54  Probe  
  12  1:06  Probe  
  12  1:18  Probe  
  12  1:26  Nexus  
  12  1:36  Cybernetics Core  
  12  1:37  Probe  
  12  1:43  Assimilator  
  12  1:49  Probe  
  12  1:53  Pylon  
  12  1:59  Probe  
  12  2:03  Warp Gate  
  12  2:07  Probe  
  12  2:12  Adept  
  12  2:16  Probe  
  12  2:22  Twilight Council  
  12  2:28  Probe  
  12  2:35  Probe  
  12  2:39  Adept  
  12  2:40  Probe  
  12  2:43  Probe  
  12  2:52  Probe x2  
  12  3:02  Resonating Glaives  
  12  3:03  Adept  
  12  3:04  Probe x2  
  12  3:08  Gateway  
  12  3:13  Gateway  
  12  3:16  Probe  
  12  3:17  Probe  
  12  3:23  Adept  
  12  3:28  Probe  
  12  3:33  Pylon  
  12  3:34  Probe  
  12  3:41  Probe  
  12  3:49  Pylon  
  12  3:51  Probe  
  12  3:53  Robotics Facility, Probe  
  12  3:56  Assimilator  
  12  4:08  Adept x3  
  12  4:12  Probe x2  
  12  4:26  Pylon  
  12  4:28  Pylon  
  12  4:30  Adept x2, Pylon  
  12  4:31  Sentry, Pylon  
  12  4:34  Immortal  
  12  4:44  Probe x2  
  12  4:51  Sentry x2  
  12  5:03  Pylon  
  12  5:04  Immortal  
  12  5:05  Sentry  
  12  5:06  Pylon  
  12  5:07  Pylon  
  12  5:18  Sentry  
  12  5:20  Adept  
  12  5:31  Gateway x2  
  12  5:33  Gateway  
  12  5:35  Gateway  
  12  5:40  Gateway, Sentry  
  12  5:42  Warp Prism  
  12  5:44  Adept  
  12  5:46  Adept  
  12  6:03  Pylon  
  12  6:07  Pylon  
  12  6:09  Pylon  
  12  6:11  Gateway  
  12  6:13  Gateway  
  12  6:14  Adept  
  12  6:17  Gateway  
  12  6:27  Adept x2  
  12  6:32  Adept x3  
  12  7:02  Adept  
  12  7:03  Adept x7  
  12  7:25  Adept  
  12  7:26  Adept x7  
Tags
 
Add a new tag
Caveats
  • Supply blocks, unpowered buildings, or Contaminate may cause inaccurate times.
  • Supply counts are checked every 10 seconds.